 Dungeon Crawl Stone Soup version 0.31-a0-986-g5e6e4ef867 (webtiles) character file.

Game seed: 17963555612347118616

191 tromp the Sneak (level 6, -2/36 HPs)
             Began as a Kobold Brigand on Nov 18, 2023.
             Was a Follower of Dithmenos.
             Slain by an iguana (9 damage)
             ... while paralysed by Grinder
             ... on level 4 of the Dungeon.
             The game lasted 00:25:55 (2409 turns).

tromp the Sneak (Kobold Brigand)                    Turns: 2409, Time: 00:25:57

Health: -2/36      AC:  4    Str: 14    XL:     6   Next: 2%
Magic:  6/6        EV:  3    Int: 13    God:    Dithmenos [*.....]
Gold:   171        SH:  0    Dex: 24    Spells: 5/5 levels left

rFire   . . .        f - +1 dagger (flame)
rCold   . . .        (no shield)
rNeg    . . .        o - +0 leather armour
rPois   .            (no helmet)
rElec   .            c - +0 cloak
rCorr   .            (no gloves)
SInv    .            (no boots)
Will    .....        j - amulet of faith
Stlth   ++++++       n - +6 ring of strength
HPRegen 0.26/turn    r - +6 ring of dexterity
MPRegen 0.10/turn

%: faith
@: paralysed, wreathed by umbra
A: small, no large weapons, nightstalker 3
a: Renounce Religion


You were on level 4 of the Dungeon.
You worshipped Dithmenos.
Dithmenos was aware of your devotion.
You visited 1 branch of the dungeon, and saw 4 of its levels.

You collected 171 gold pieces.

Inventory:

Hand Weapons
 a - a +2 dagger
 f - a +1 dagger of flaming (weapon)
 p - a +0 short sword
Missiles
 d - 4 poisoned darts (quivered)
 e - 3 curare-tipped darts
Armour
 b - a +0 robe
 c - a +0 cloak (worn)
 o - a +0 leather armour (worn)
Jewellery
 j - an amulet of faith (around neck)
 n - a +6 ring of strength (left hand)
 r - a +6 ring of dexterity (right hand)
Talismans
 m - a flux talisman
Scrolls
 g - 2 scrolls of blinking
 h - a scroll of identify
Potions
 s - a potion of heal wounds
 t - a potion of attraction
 u - a potion of curing


   Skills:
 + Level 2.6 Fighting
 + Level 4.1 Short Blades
 + Level 2.5 Throwing
 + Level 0.6 Armour
 + Level 1.9 Dodging
 + Level 7.9 Stealth


You had 5 spell levels left.
You didn't know any spells.
Your spell library contained the following spells:

 Spells                   Type           Power      Damage    Failure   Level
 Stone Arrow              Conj/Erth      0%         3d7       75%         3
 Animate Armour           Summ/Erth      0%         N/A       98%         4
 Lehudib's Crystal Spear  Conj/Erth      0%         10d2      100%        8


Dungeon Overview and Level Annotations

Branches:
Dungeon (4/15)
 Temple: D:4-7

Altars:
Dithmenos
Vehumet

Annotations:
D:4 Grinder


Innate Abilities, Weirdness & Mutations

You are small and have problems with some larger weapons.
You are completely attuned to the shadows.


Message History

Done exploring.
There is an open door here.
There is a stone staircase leading down here.
You climb downwards.
You hear the sound of rushing water.
There is an entrance to a sewer on this level.
Hurry and find it before the portal rusts away!
Reactivating autopickup.
Found a scroll labelled YRHIS ZODWI.
There is a stone staircase leading up here.
Throw: 7 darts (poison)
Press: ? - help, Q - select action, (/) - cycle Shift-Dir - straight line, f - Grinder
Aim: Grinder (asleep, 98% to hit)
You throw a poisoned dart. The poisoned dart hits Grinder.
Throw: 6 darts (poison)
Press: ? - help, Q - select action, (/) - cycle Shift-Dir - straight line, f/p - Grinder
Aim: Grinder (61% to hit)
You throw a poisoned dart. The poisoned dart hits Grinder.
Grinder gestures at you. Pain shoots through your body!
Throw: 5 darts (poison)
Press: ? - help, Q - select action, (/) - cycle Shift-Dir - straight line, f/p - Grinder
Aim: Grinder (61% to hit)
You throw a poisoned dart. The poisoned dart hits Grinder.
An iguana comes into view.
You hit Grinder but do no damage.
The iguana hisses angrily.
Grinder gestures at you.
You suddenly lose the ability to move!
A hobgoblin comes into view.
Grinder says, "Don't move a muscle."
Grinder hits you but does no damage. Grinder hits you. The iguana bites you.
Grinder hits you.
Grinder says, "DUCK!"
Grinder hits you.
* * * LOW HITPOINT WARNING * * *
You writhe in agony.
* * * LOW HITPOINT WARNING * * *
The iguana bites you!
You die...

##.....
##.?⌠...⌠
#........
#.....⌠..
#..<.....
#...@5⌠..
#....l...
##..⌠..(⌠
##......
####...


You could see Grinder and an iguana.

Vanquished Creatures
  2 orc wizards (D:3)
  A gnoll (D:1)
  7 adders
  2 worms (D:3)
  7 orcs (D:3)
  3 bats (D:1)
  4 endoplasms
  2 giant cockroaches (D:3)
  3 goblins
  4 hobgoblins
  6 jackals
  A quokka (D:1)
  3 ball pythons
  3 frilled lizards (D:2)
  5 kobolds
  9 rats
62 creatures vanquished.

Notes
Turn   | Place    | Note
-------+----------+-------------------------------------------
     0 | D:1      | tromp the Kobold Brigand began the quest for the Orb.
     0 | D:1      | Reached XP level 1. HP: 12/12 MP: 1/1
   131 | D:1      | Reached skill level 6 in Stealth
   131 | D:1      | Reached XP level 2. HP: 6/17 MP: 2/2
   566 | D:1      | Reached XP level 3. HP: 19/21 MP: 3/3
   855 | D:2      | Reached XP level 4. HP: 27/27 MP: 4/4
   950 | D:2      | Reached skill level 7 in Stealth
  1467 | D:3      | Reached XP level 5. HP: 31/31 MP: 5/5
  1499 | D:3      | Found a shadowy altar of Dithmenos.
  1516 | D:3      | Became a worshipper of Dithmenos the Shadowed
  1888 | D:3      | Found a radiant altar of Vehumet.
  2112 | D:3      | Reached * piety under Dithmenos
  2201 | D:3      | Reached XP level 6. HP: 36/36 MP: 6/6
  2400 | D:4      | Noticed Grinder
  2405 | D:4      | Paralysed by Grinder for 4 turns
  2409 | D:4      | Slain by an iguana

Illustrated notes

Levels and vault maps discovered:
D:1:      dpeg_arrival_water_altar, layout_rooms, serial_bayou_pond_a
D:2:      wad_river_or_something, layout_rooms
D:3:      layout_basic, mainiacjoe_overflow_alcove_1,
          mainiacjoe_overflow_cross_hatched, serial_park_tiny_1,
          minmay_misc_feat_columns
D:4:      layout_basic, pdpol_temple_overflow_zin_treasury_gozag_greed,
          mainiacjoe_overflow_surrounded_room, portal_sewer_entry_a,
          grunt_decor_one_mirror, hangedman_abyss_or_decor_stabs,
          grunt_ministairs_10, uniq_grinder

Skill      XL: |  1  2  3  4  5 |
---------------+----------------+-----
Stealth        | 6 7 |  7.9
Short Blades   | 3 4 |  4.1
Fighting       | |  2.6
Throwing       | |  2.5
Armour         | |  0.6
Dodging        | |  1.9

Action                     |  1- 3 |  4- 6 || total
---------------------------+-------+-------++-------
  Melee: Dagger            |    45 |    58 ||   103
         Short sword       |       |    63 ||    63
         Punch             |       |     2 ||     2
  Throw: Dart              |     4 |     6 ||    10
    Use: Scroll            |       |     9 ||     9
   Stab: Sleeping          |    10 |    21 ||    31
         Distracted        |       |     2 ||     2
 Armour: Robe              |    12 |     5 ||    17
         Leather armour    |       |    45 ||    45
  Dodge: Dodged            |    24 |    61 ||    85

Table legend: (Time is in decaauts)
 A = Elapsed time spent in this place.
 B = Non-inter-level travel time spent in this place.
 C = Inter-level travel time spent in this place.
 D = Time resting spent in this place.
 E = Time spent auto-exploring this place.
 F = Levels seen in this place.
 G = Mean time per level.
                   A        B        C        D        E       F      G
               +--------+--------+--------+--------+--------+-----+--------+
         Total |   2386 |   2384 |      2 |    133 |    961 |   4 |  596.5 |
       Dungeon |   2386 |   2384 |      2 |    133 |    961 |   4 |  596.5 |
               +--------+--------+--------+--------+--------+-----+--------+

Top non-repeatable levels by time:
     D:3: 974 daAuts
     D:2: 714 daAuts
     D:1: 688 daAuts
     D:4: 8 daAuts
